 Dungeon Crawl Stone Soup version 0.20-a0-270-g8e735b6 (webtiles) character file.

611 Jarlath the Magician (level 7, 0/45 HPs)
             Began as a High Elf Skald on Dec 9, 2016.
             Slain by CephalicBurn's ghost (3 damage)
             ... on level 4 of the Dungeon.
             The game lasted 00:05:12 (6136 turns).

Jarlath the Magician (High Elf Skald)               Turns: 6136, Time: 00:05:13

Health: 0/45       AC:  5    Str: 11    XL:     7   Next: 20%
Magic:  5/15       EV: 14    Int: 17    God:
Gold:   147        SH:  0    Dex: 16    Spells: 5/16 levels left

rFire  . . .     SeeInvis .     a - +0 falchion
rCold  . . .     Gourm    .     b - +0 leather armour
rNeg   . . .     Faith    .     (no shield)
rPois  .         Spirit   .     e - +2 hat
rElec  .         Reflect  .     (no cloak)
rCorr  .         Harm     .     (no gloves)
MR     .....                    (no boots)
Stlth  +.........               (no amulet)
                                (no ring)
                                (no ring)

@: infused, singing, very slightly contaminated
A: no striking features
a: Stop Singing


You were on level 4 of the Dungeon.
You were not hungry.

You visited 1 branch of the dungeon, and saw 4 of its levels.

You collected 219 gold pieces.
You spent 72 gold pieces at shops.

Inventory:

Hand Weapons
 a - a +0 falchion (weapon)
Armour
 b - a +0 leather armour (worn)
 e - a +2 hat (worn)
Scrolls
 g - a scroll of amnesia
 h - 2 scrolls of identify
 i - a scroll of remove curse
 k - 2 scrolls of teleportation
Books
 c - a book of Battle

   Spells                             Type                      Level
   a - Infusion                       Charms                       1
   b - Shroud of Golubria             Charms/Translocation         2
   c - Song of Slaying                Charms                       2
   d - Spectral Weapon                Hexes/Charms                 3
   e - Regeneration                   Charms/Necromancy            3
Comestibles
 d - a beef jerky
 f - 3 meat rations
 m - a bread ration


   Skills:
 * Level 2.4 Fighting
 + Level 4.2 Long Blades
 - Level 0.8 Armour
 - Level 5.0 Dodging
 - Level 5.2 Spellcasting
 - Level 5.2 Charms


You had 5 spell levels left.
You knew the following spells:

 Your Spells              Type           Power        Failure   Level  Hunger
a - Infusion              Chrm           ###.         1%          1    None
b - Song of Slaying       Chrm           ###.....     3%          2    #......
c - Shroud of Golubria    Chrm/Tloc      ##........   12%         2    #......
d - Regeneration          Chrm/Necr      ##........   21%         3    ###....
e - Spectral Weapon       Hex/Chrm       ##......     21%         3    ###....


Dungeon Overview and Level Annotations

Branches:
Dungeon (4/15)             Temple (0/1) D:4

Altars:
Elyvilon
Hepliaklqana
Kikubaaqudgha
Okawaru
The Shining One
Lugonu

Shops:
D:4 ?

Portals:
Abyss: D:1

Annotations:
D:4 CephalicBurn's ghost, novice OpTm


Message History

CephalicBurn's ghost makes a sound of rattling chains.
CephalicBurn's ghost hits you but does no damage.
You hit CephalicBurn's ghost.
CephalicBurn's ghost is moderately damaged.
CephalicBurn's ghost barely misses you.
You riposte.
You hit CephalicBurn's ghost.
CephalicBurn's ghost is moderately damaged.
You miss CephalicBurn's ghost.
CephalicBurn's ghost is moderately damaged.
CephalicBurn's ghost misses you. CephalicBurn's ghost hits you!
Your shroud falls apart!
You closely miss CephalicBurn's ghost.
CephalicBurn's ghost is moderately damaged.
CephalicBurn's ghost hits you.
* * * LOW HITPOINT WARNING * * *
You are too injured to fight recklessly!
You are too injured to fight recklessly!
CephalicBurn's ghost hits you!
* * * LOW HITPOINT WARNING * * *
You die...

..##.# .....# #.####
#.# ####### #.#
#.....# #.#####.###.#
#.#.........###
..#.###.#.....####
###.###.#.......@#
#.#.......#.##W#
#.#.#.....#.##.######
#.#.#.##..#.........#
#.........####.####.#
#####.####.#####.#
#.#
#.#...รท..#.......#
##.#####
.#..####.##.....##
#......#
##...###.##.....#
#......#


You could see CephalicBurn's ghost.

Vanquished Creatures
  A water moccasin (D:3)
  Purgy (D:3)
  An ogre (D:4)
  3 orc wizards (D:4)
  4 worker ants
  6 adders
  An adder skeleton (D:4)
  4 worms
  9 orcs
  5 giant cockroaches
  8 goblins
  5 hobgoblins
  8 jackals
  A quokka (D:4)
  5 ball pythons
  8 bats
  6 frilled lizards
  7 kobolds
  5 rats
88 creatures vanquished.

Vanquished Creatures (others)
  A spectral weapon (D:3)
1 creature vanquished.

Grand Total: 89 creatures vanquished

Notes
Turn   | Place    | Note
-------+----------+-------------------------------------------
     0 | D:1      | Jarlath the High Elf Skald began the quest for the Orb.
     0 | D:1      | Reached XP level 1. HP: 14/14 MP: 4/4
   334 | D:1      | Found a one-way gate to the infinite horrors of the Abyss.
   334 | D:1      | Found a corrupted altar of Lugonu.
   334 | D:1      | Noticed an iron imp
   334 | D:1      | Noticed an iron imp
   334 | D:1      | Noticed an iron imp
   335 | D:1      | Noticed an iron imp
   336 | D:1      | Noticed an iron imp
   340 | D:1      | Noticed an iron imp
   343 | D:1      | Reached XP level 2. HP: 18/19 MP: 7/7
   728 | D:2      | Found an ancient bone altar of Kikubaaqudgha.
   732 | D:2      | Learned a level 2 spell: Song of Slaying
   735 | D:2      | Learned a level 2 spell: Shroud of Golubria
   755 | D:2      | Reached XP level 3. HP: 24/24 MP: 2/9
   771 | D:2      | Learned a level 3 spell: Regeneration
  1325 | D:3      | HP: 1/24 [hobgoblin (2)]
  1718 | D:2      | Reached XP level 4. HP: 26/29 MP: 1/11
  1754 | D:2      | Learned a level 3 spell: Spectral Weapon
  2191 | D:3      | Noticed Purgy
  2230 | D:3      | Killed Purgy
  2230 | D:3      | Reached skill level 5 in Spellcasting
  2230 | D:3      | Reached skill level 5 in Charms
  2230 | D:3      | Reached XP level 5. HP: 13/34 MP: 0/13
  2731 | D:3      | Found an iron altar of Okawaru.
  3095 | D:3      | Found a white marble altar of Elyvilon.
  3378 | D:3      | Noticed a water moccasin
  3385 | D:3      | Found a glowing golden altar of the Shining One.
  3424 | D:3      | Found a hazy altar of Hepliaklqana.
  3445 | D:3      | Killed a water moccasin
  3445 | D:3      | Reached XP level 6. HP: 11/39 MP: 0/14
  5566 | D:4      | Reached XP level 7. HP: 18/45 MP: 15/15
  5680 | D:4      | Noticed CephalicBurn's ghost (novice OpTm)
  5736 | D:4      | Reached skill level 5 in Dodging
  5753 | D:4      | Found Poeseips's Magic Scroll Boutique.
  5757 | D:4      | Bought a scroll of teleportation for 36 gold pieces
  5757 | D:4      | Bought a scroll of teleportation for 36 gold pieces
  6136 | D:4      | Slain by CephalicBurn's ghost

Vault maps used:
D:1:      erik_arrival_cave_to_civilisation
D:2:      lemuel_round_altar
D:3:      lemuel_crystal_altar, overflow_temple_1_default,
          nicolae_overflow_hidden_temple, elyvilon_altar_1, uniq_purgy
D:4:      first_bread, serial_shops, nicolae_shop_trees, minmay_misc_feat_roman

Skill      XL: |  1  2  3  4  5  6  7 |
---------------+----------------------+-----
Spellcasting   | 3 4 5 |  5.2
Charms         | 4 5 |  5.2
Dodging        | 3 4 5 |  5.0
Long Blades    | 3 4 |  4.2
Fighting       | |  2.4
Armour         | |  0.8

Action                   |  1- 3 |  4- 6 |  7- 9 || total
-------------------------+-------+-------+-------++-------
Melee: Falchion          |   142 |   200 |    38 ||   380
 Cast: Infusion          |     7 |     7 |     3 ||    17
       Shroud of Golubri |     6 |     8 |     3 ||    17
       Regeneration      |     1 |     8 |       ||     9
       Song of Slaying   |     1 |     2 |     3 ||     6
       Spectral Weapon   |       |     3 |       ||     3
  Use: Potion            |       |     5 |       ||     5
       Scroll            |       |     5 |     1 ||     6
 Stab: Distracted        |     1 |       |       ||     1
       Sleeping          |       |     1 |       ||     1
  Eat: Chunk             |     1 |    10 |     1 ||    12
       Bread ration      |     1 |       |       ||     1
       Beef jerky        |       |     1 |     1 ||     2
Armor: Leather armour    |    59 |    71 |    10 ||   140
       Skin              |       |    47 |       ||    47
Dodge: Dodged            |   104 |   150 |    24 ||   278
       Rpst.: Falchion   |    31 |    43 |     6 ||    80
